 Dungeon Crawl Stone Soup version 0.27-a0-277-g024f7ef292 (webtiles) character file.

Game seed: 9832351801560247946

5698 Borgoz the Fighter (level 10, -4/66 HPs)
             Began as a Gargoyle Berserker on Feb 5, 2021.
             Was a High Priest of Trog.
             Slain by a skeletal warrior
             ... wielding a +0 trident
              (6 damage)
             ... on level 9 of the Dungeon.
             The game lasted 00:13:12 (9755 turns).

Borgoz the Fighter (Gargoyle Berserker)             Turns: 9755, Time: 00:13:13

Health: -4/66      AC: 20    Str: 32    XL:     10   Next: 76%
Magic:  0/10       EV: 15    Int:  9    God:    Trog [*****.]
Gold:   572        SH:  0    Dex: 12    Spells: 9/9 levels left

rFire    . . .     SeeInvis .   s - +3 whip (drain)
rCold    + . .     Faith    .   (no shield)
rNeg     + . .     Spirit   +   m - +2 leather armour of Norr {rElec Str+7}
rPois    ∞         Reflect  .   f - +0 helmet
rElec    +         Harm     .   b - +2 cloak
rCorr    .         Rampage  .   (no gloves)
Will     .....                  h - +1 pair of boots of Zucaichu {rC+ Str+2}
Stlth    +.........             k - amulet of the Coward {Spirit Str+3}
HPRegen  0.21/turn              (no ring)
MPRegen  0.12/turn              (no ring)

@: about to teleport, berserk cooldown, slowed, very slow
A: negative energy resistance 1, electricity resistance, unbreathing,
petrification resistance, miasma immunity, AC +7
a: Renounce Religion, Berserk, Trog's Hand, Brothers in Arms


You were on level 9 of the Dungeon.
You worshipped Trog.
Trog was extremely pleased with you.
You visited 2 branches of the dungeon, and saw 10 of its levels.
You also visited: Sewer.

You collected 572 gold pieces.

Inventory:

Hand Weapons
 c - a +0 flail
 s - a +3 whip of draining (weapon)
Missiles
 a - 3 throwing nets
Armour
 b - a +2 cloak (worn)
 f - a +0 helmet (worn)
 h - the +1 pair of boots of Zucaichu (worn) {rC+ Str+2}
   (You acquired it on level 7 of the Dungeon)

   It affects your strength (+2).
   It protects you from cold.
 m - the +2 leather armour of Norr (worn) {rElec Str+7}
   (You found it on level 4 of the Dungeon)

   It affects your strength (+7).
   It insulates you from electricity.
Jewellery
 k - the amulet of the Coward (around neck) {Spirit Str+3}
   (You acquired it on level 7 of the Dungeon)

   [amulet of guardian spirit]

   It causes incoming damage to be split between your health and magic.
   It affects your strength (+3).
 x - an uncursed amulet of regeneration
 y - an uncursed ring of fire
Wands
 i - a wand of mindburst (14)
 u - a wand of acid (11)
Scrolls
 g - 2 scrolls of teleportation
 l - 8 scrolls of remove curse
 n - a scroll of fear
 t - a scroll of magic mapping
 z - a scroll of enchant weapon
Potions
 d - 2 potions of might
 e - 2 potions of heal wounds
 j - a potion of cancellation
 o - a potion of berserk rage
 p - a potion of invisibility
 q - a potion of curing
 r - a potion of resistance
 v - a potion of mutation
 w - a potion of haste
 A - a potion of magic {unknown}
 B - a potion of lignification {unknown}


   Skills:
 + Level 9.2 Fighting
 + Level 8.5 Maces & Flails
 + Level 9.0 Armour
 + Level 6.7 Dodging


You had 9 spell levels left.
You didn't know any spells.
Your spell library was empty.

Dungeon Overview and Level Annotations

Branches:
Dungeon (9/15)             Temple (1/1) D:4            Lair (0/6) D:9
    Orc (0/2) D:9           Sewer (visited)

Altars:
Ashenzari
Cheibriados
Dithmenos
Elyvilon
Fedhas
Gozag
Hepliaklqana
Kikubaaqudgha
Makhleb
Nemelex Xobeh
Okawaru
Qazlal
Ru
Sif Muna
Trog
Uskayaw
Vehumet
Wu Jian
Xom
Yredelemnul
Zin
The Shining One

Shops:
D:7 !

Annotations:
D:6 2 transporters, tsouns's ghost, weakling PaDe


Innate Abilities, Weirdness & Mutations

You are resistant to torment.
Your stone body is resilient. (AC +7)
You are immune to poison.
You resist negative energy. (rN+)
You are resistant to electric shocks. (rElec)
You can survive without breathing.
You are immune to petrification.
You are immune to miasma.


Message History

Trog's vigour flows through your veins.
You are exhausted.
You feel yourself slow down.
You hit the quokka.
You kill the quokka!
The quokka's corpse dissolves into shadows!
The skeletal warrior hits you with a +0 trident!!
* * * LOW HITPOINT WARNING * * *
The skeletal warrior hits you with a +0 trident.
* * * LOW HITPOINT WARNING * * *
Okay, then.
As you read the scroll of teleportation, it crumbles to dust.
You feel strangely unstable.
The skeletal warrior hits you but does no damage.
You feel better.
The skeletal warrior hits you with a +0 trident!
* * * LOW HITPOINT WARNING * * *
The skeletal warrior misses you.
The skeletal warrior hits you from afar with a +0 trident.
You die...

........................#.#......
######################')#.#......
..#.#... #.........#.#.#....#.
#.#†#.# #.#########........#.
#.....###.#.##......###..##....#.
......:##.#. #######.#..###.#..#>
###.####.###. #.....##......#..#.
#.....# .#=#. #.#####...#####..#.
##.#.## ##.##.##@.###.#........#.
)#...# #!g[#.####z#..........##.
.##.## ##R###.##.##.#.........#.
..#.#+ .gcyGBz)#B#..#...........
#.##.## ########y##.##.######.#..
#.##..# #..#..##.#..).#.#..
#..##.## ##.##.###....#.#.#..
##..##.## ##.##..# #....#.#)#..
##..##.## ##.##..## #....#.#....


You could see a skeletal warrior.

Vanquished Creatures
  Maggie (D:9)
  Grinder (D:6)
  7 yaks (D:9)
  A wyvern (D:8)
  Grum (D:8)
  A water moccasin (D:8)
  5 orc warriors
  Purgy (Sewer)
  A swamp drake (D:9)
  2 black bears (D:9)
  An ice beast (D:8)
  A sky beast (D:6)
  4 ogres
  4 wolves (D:8)
  3 centaurs
  3 phantoms (D:9)
  4 bullfrogs
  A gnoll sergeant (D:8)
  3 wights (D:8)
  A bullfrog zombie (D:8)
  3 hounds
  A jelly (D:7)
  8 orc priests
  Crazy Yiuf (D:3)
  Jessica (D:2)
  8 orc wizards
  4 iguanas
  4 worker ants
  2 hound zombies
  A hound skeleton (D:4)
  2 worker ant zombies (D:6)
  Robin (D:3)
  7 gnolls
  10 adders
  A river rat (D:5)
  A shadow imp (D:9)
  2 white imps
  2 ufetubi
  A worm (D:5)
  3 dart slugs
  7 leopard geckos
  45 orcs
  11 bats
  3 giant cockroaches
  11 goblins
  13 hobgoblins
  2 quokkas
  3 ball pythons
  5 frilled lizards
  A jackal skeleton (D:7)
  A jackal zombie (D:7)
  10 kobolds
  A leopard gecko skeleton (D:4)
  A quokka zombie (D:6)
  9 rats
232 creatures vanquished.

Vanquished Creatures (others)
  3 fungi (D:9)
  A plant (D:9)
4 creatures vanquished.

Grand Total: 236 creatures vanquished

Notes
Turn   | Place    | Note
-------+----------+-------------------------------------------
     0 | D:1      | Borgoz the Gargoyle Berserker began the quest for the Orb.
     0 | D:1      | Reached XP level 1. HP: 14/14 MP: 1/1
   271 | D:1      | Reached XP level 2. HP: 19/19 MP: 2/2
  1274 | D:2      | Reached XP level 3. HP: 23/23 MP: 3/3
  1377 | D:2      | Noticed Jessica
  1383 | D:2      | Killed Jessica
  1383 | D:2      | Reached ** piety under Trog
  1384 | D:2      | Reached XP level 4. HP: 29/29 MP: 4/4
  1916 | D:3      | Found a snail-covered altar of Cheibriados.
  1985 | D:3      | Noticed Robin
  2298 | D:3      | Killed Robin
  2299 | D:3      | Reached XP level 5. HP: 32/33 MP: 5/5
  2822 | D:3      | Found a runed translucent door.
  2823 | D:3      | Noticed Crazy Yiuf
  3176 | D:3      | Killed Crazy Yiuf
  3357 | D:4      | Got a distressingly furry leather armour
  3368 | D:4      | Identified the +2 leather armour of Norr {rElec Str+7} (You
                  | found it on level 4 of the Dungeon)
  3398 | D:4      | Found a staircase to the Ecumenical Temple.
  3411 | Temple   | Entered the Ecumenical Temple
  3835 | D:4      | Reached XP level 6. HP: 37/39 MP: 6/6
  4335 | D:4      | Reached *** piety under Trog
  4563 | D:5      | Entered Level 5 of the Dungeon
  4641 | D:5      | Found a glowing drain.
  4702 | Sewer    | Entered a sewer
  4817 | Sewer    | Noticed Purgy
  4821 | Sewer    | Killed Purgy
  4822 | Sewer    | Reached skill level 5 in Fighting
  4822 | Sewer    | Reached XP level 7. HP: 44/44 MP: 7/7
  5007 | D:5      | Found a bloodstained altar of Trog.
  5525 | D:6      | Noticed Grinder
  5535 | D:6      | Paralysed by Grinder for 7 turns
  5573 | D:6      | Paralysed by Grinder for 7 turns
  5585 | D:6      | Killed Grinder
  5586 | D:6      | Reached skill level 5 in Maces & Flails
  5586 | D:6      | Reached skill level 5 in Armour
  5813 | D:6      | Reached XP level 8. HP: 33/51 MP: 8/8
  5983 | D:6      | Noticed tsouns's ghost (weakling PaDe)
  5984 | D:6      | Noticed a hornet
  5988 | D:6      | Noticed a queen bee
  6000 | D:6      | Found a transporter.
  6004 | D:6      | Found a transporter.
  6707 | D:7      | Identified 2 scrolls of acquirement
  6707 | D:7      | Acquired the +1 pair of boots of Zucaichu {rC+ Str+2}
  6708 | D:7      | Acquired the amulet of the Coward {Spirit Str+3}
  6802 | D:7      | Found Toodd's Distillery.
  7105 | D:7      | Reached **** piety under Trog
  7460 | D:8      | Found an opulent altar of Gozag.
  7587 | D:8      | Reached XP level 9. HP: 56/56 MP: 9/9
  7673 | D:8      | Reached skill level 5 in Dodging
  8180 | D:8      | Noticed Grum
  8210 | D:8      | Killed Grum
  8214 | D:8      | Found a shimmering altar of Xom.
  8266 | D:9      | Noticed Maggie
  8287 | D:9      | Killed Maggie
  8399 | D:9      | Reached XP level 10. HP: 58/64 MP: 10/10
  8580 | D:9      | Reached ***** piety under Trog
  9221 | D:9      | Found a staircase to the Orcish Mines.
  9664 | D:9      | Found a staircase to the Lair.
  9720 | D:9      | Noticed a cane toad
  9720 | D:9      | Noticed a skeletal warrior
  9720 | D:9      | Noticed a rakshasa
  9725 | D:9      | Noticed a shining eye
  9725 | D:9      | a cane toad changed into a shining eye
  9754 | D:9      | HP: 2/66 [skeletal warrior/+0 trident (12)]
  9755 | D:9      | Slain by a skeletal warrior

Illustrated notes

Levels and vault maps discovered:
D:1:      heliophobic_arrival_battle_scene, layout_basic
D:2:      layout_rooms, uniq_jessica
D:3:      layout_basic, st_stairs_6, cheibriados_altar_1,
          uniq_crazy_yiuf_cottage, uniq_robin
D:4:      layout_basic, minmay_temple_entry_slanted, minmay_misc_feat_tiny
D:5:      layout_loops_ring, cheibrodos_sewer_entry_sluice, basic_altar
D:6:      layout_loops_ring, gammafunk_ghost_hive, uniq_grinder
D:7:      layout_gridville, serial_shops, shop
D:8:      layout_gridville, overflow_temple_1_default, basic_altar,
          roderic_nine_men_s_morris, minmay_quadrilaterals, uniq_grum
D:9:      minmay_the_grid_triangle_9x9_recursive_2
          [minmay_the_grid_triangle_9x9_prize_top_heavy,
          minmay_the_grid_triangle_9x9_alien,
          minmay_the_grid_triangle_9x9_impossible_snake,
          minmay_the_grid_triangle_9x9_minimal], layout_basic,
          grunt_lair_entry_orc_guard_hut, erik_orc_1, uniq_maggie
Temple:   nicolae_temple_the_god_donut

Skill      XL: |  1  2  3  4  5  6  7  8  9 10 |
---------------+-------------------------------+-----
Dodging        | 2 3 4 5 6 |  6.7
Armour         | 3 4 5 6 7 9 |  9.0
Fighting       | 4 5 6 8 9 |  9.2
Maces & Flails | 4 5 6 7 8 |  8.5

Action                   |  1- 3 |  4- 6 |  7- 9 | 10-12 || total
-------------------------+-------+-------+-------+-------++-------
Melee: Mace              |    86 |   156 |       |       ||   242
       Flail             |       |   165 |    68 |       ||   233
       Whip              |       |       |   259 |   246 ||   505
Invok: Berserk           |       |     3 |     4 |     2 ||     9
       Trog's Hand       |       |     2 |     2 |     1 ||     5
Evoke: Wand              |       |     3 |       |       ||     3
  Use: Scroll            |       |     6 |    13 |     2 ||    21
       Potion            |       |     1 |     1 |     1 ||     3
Armor: Animal skin       |    28 |    88 |       |       ||   116
       Leather armour    |       |    88 |   146 |    98 ||   332
       Ring mail         |       |     7 |       |       ||     7
Dodge: Dodged            |    51 |   303 |   208 |   132 ||   694

Table legend: (Time is in decaauts)
 A = Elapsed time spent in this place.
 B = Non-inter-level travel time spent in this place.
 C = Inter-level travel time spent in this place.
 D = Time resting spent in this place.
 E = Time spent auto-exploring this place.
 F = Levels seen in this place.
 G = Mean time per level.
                   A        B        C        D        E       F      G
               +--------+--------+--------+--------+--------+-----+--------+
         Total |   9789 |   9554 |    235 |   1085 |   6500 |  11 |  889.9 |
       Dungeon |   9247 |   9043 |    204 |   1003 |   6124 |   9 | 1027.4 |
        Temple |    371 |    340 |     31 |      0 |    321 |   1 |  371.0 |
         Sewer |    169 |    169 |      0 |     82 |     55 |   1 |  169.0 |
               +--------+--------+--------+--------+--------+-----+--------+

Top non-repeatable levels by time:
     D:9: 1421 daAuts
     D:3: 1239 daAuts
     D:4: 1203 daAuts
     D:1: 1192 daAuts
     D:7: 1044 daAuts
     D:6: 990 daAuts
     D:8: 775 daAuts
     D:5: 710 daAuts
     D:2: 670 daAuts
  Temple: 371 daAuts
   Sewer: 169 daAuts
